Map: New Gettysburg LE

Players

gGCebrii - Winner!

  • Race: Zerg Zerg
  • League: Diamond

Trizztein

  • Race: Terran Terran
  • League: Diamond

VOD

Have the link to the VOD?

Description

Time

  • Played on: Aug. 29, 2016, 6:32 p.m.
  • Length: 10:08
Show
View Real Time Build Order
Export as new Build Order

gGCebrii Zerg - Winner!

Build Orders: Hatch First 

Get SALT Encoding   

  12  0:01  Drone  
  13  0:13  Overlord  
  13  0:18  Drone  
  14  0:31  Drone x2  
  16  0:42  Drone  
  17  0:55  Hatchery  
  16  0:58  Drone  
  16  1:00  Drone  
  18  1:18  Extractor  
  18  1:20  Drone, Spawning Pool  
  18  1:22  Drone  
  18  1:42  Drone x2  
  20  1:49  Overlord  
  20  2:06  Queen  
  20  2:08  Queen, Zergling x4  
  24  2:11  Drone  
  27  2:20  Drone  
  27  2:21  Metabolic Boost  
  28  2:34  Zergling x4  
  31  2:40  Overlord  
  30  2:47  Drone  
  31  2:54  Drone x2  
  33  3:01  Hatchery  
  33  3:04  Overlord  
  32  3:07  Drone  
  32  3:12  Queen  
  35  3:16  Drone  
  35  3:17  Overlord  
  36  3:31  Drone x3  
  36  3:32  Drone x3  
  41  3:37  Overlord  
  41  3:46  Drone x2  
  43  3:56  Drone x6  
  49  4:05  Extractor  
  49  4:06  Extractor  
  49  4:07  Drone  
  49  4:08  Drone  
  49  4:09  Roach Warren  
  48  4:10  Evolution Chamber  
  48  4:13  Drone x2  
  48  4:14  Drone  
  50  4:22  Drone  
  51  4:31  Queen  
  51  4:33  Overlord x2  
  53  4:41  Drone x2  
  53  4:42  Drone x2  
  53  4:43  Lair  
  53  4:45  Zerg Missile Weapons Level 1  
  57  4:52  Roach x3  
  63  4:54  Roach  
  64  5:03  Extractor  
  64  5:05  Drone  
  64  5:06  Overlord  
  64  5:08  Roach x3  
  64  5:13  Drone x3  
  73  5:15  Drone x2  
  75  5:22  Spore Crawler x2  
  75  5:24  Spore Crawler  
  73  5:28  Drone  
  73  5:32  Drone  
  74  5:41  Roach x7  
  86  5:49  Queen  
  84  5:55  Glial Reconstitution  
  84  5:56  Overlord  
  84  6:00  Drone x2  
  84  6:01  Drone x4  
  90  6:14  Overlord  
  90  6:15  Drone x6  
  96  6:20  Overlord, Extractor  
  96  6:21  Extractor, Overseer  
  94  6:41  Overlord  
  94  6:43  Overlord  
  94  6:45  Roach  
  94  6:46  Roach x6  
  108  6:47  Zerg Missile Weapons Level 2  
  106  7:00  Spire  
  106  7:01  Hatchery  
  104  7:08  Drone x4  
  108  7:12  Overlord x2  
  108  7:14  Roach x4  
  108  7:15  Roach x2  
  120  7:31  Roach  
  120  7:32  Roach x8  
  138  7:37  Overlord x2  
  138  7:42  Ravager x7  
  138  7:43  Ravager  
  138  7:44  Overlord  
  146  7:52  Overlord x2  
  146  8:01  Roach x6  
  146  8:02  Roach  
  160  8:06  Roach  
  160  8:07  Roach  
  164  8:17  Roach x2  
  164  8:18  Roach x3  
  174  8:23  Extractor  
  174  8:24  Extractor  
  172  8:29  Roach  
  172  8:30  Roach x5  
  184  8:41  Mutalisk x4  
  184  8:42  Mutalisk  
  174  8:57  Mutalisk  
  174  8:58  Mutalisk x2  
  176  9:17  Roach x7  
  171  9:18  Overlord x3  
  173  9:38  Roach x6  
  163  9:47  Drone  
  163  9:48  Drone x3  
Show
View Real Time Build Order
Export as new Build Order

Trizztein Terran 

Build Orders: Reaper Expand, Hellion Banshee, Mech 

Get SALT Encoding   

  12  0:00  SCV  
  13  0:12  SCV  
  14  0:18  Supply Depot  
  14  0:25  SCV  
  15  0:40  SCV  
  15  0:42  Barracks  
  16  0:46  Refinery  
  16  0:52  SCV  
  17  1:04  SCV  
  18  1:16  SCV  
  19  1:29  Orbital Command  
  19  1:32  Reaper  
  20  1:43  Command Center  
  20  1:56  SCV, Supply Depot  
  21  2:04  Marine  
  21  2:08  SCV  
  23  2:11  Factory  
  23  2:17  Refinery  
  23  2:20  SCV  
  24  2:26  Barracks Reactor  
  24  2:32  SCV  
  25  2:44  SCV  
  26  2:57  Orbital Command  
  26  2:59  Starport  
  26  3:02  SCV  
  27  3:14  Hellion x2  
  27  3:15  SCV  
  32  3:20  Barracks Tech Lab  
  32  3:28  SCV  
  32  3:29  SCV  
  34  3:35  Hellion x2  
  34  3:41  SCV  
  39  3:43  SCV  
  39  3:47  Banshee  
  43  3:50  Armory  
  43  3:53  SCV  
  43  3:55  SCV  
  45  4:05  SCV  
  46  4:22  Barracks Tech Lab  
  46  4:23  Supply Depot  
  46  4:26  Command Center  
  46  4:43  Supply Depot  
  46  4:45  SCV x2, Hellion x2  
  52  4:53  Refinery  
  52  4:54  Refinery  
  52  4:57  SCV x2  
  52  4:59  Factory  
  54  5:06  Factory  
  54  5:07  Hellion x2  
  58  5:09  SCV x2  
  60  5:21  SCV x2  
  60  5:24  Terran Vehicle Weapons Level 1, Supply Depot  
  60  5:25  Supply Depot  
  62  5:37  SCV x2, Banshee  
  65  5:49  SCV x2, Orbital Command  
  56  6:01  SCV x2  
  56  6:02  Factory Tech Lab  
  58  6:09  Siege Tank  
  65  6:11  Hellion x2  
  65  6:14  SCV x2  
  65  6:15  SCV  
  68  6:22  Armory  
  68  6:24  Engineering Bay  
  68  6:26  SCV x2  
  68  6:27  SCV  
  68  6:31  Barracks Tech Lab  
  71  6:38  SCV x2  
  73  6:42  SCV, Siege Tank  
  73  6:43  Siege Tank  
  73  6:44  Hellion x2  
  84  6:50  SCV, Supply Depot  
  84  6:51  Supply Depot  
  85  6:59  Barracks Reactor  
  85  7:05  SCV x2, Orbital Command  
  87  7:09  Starport Reactor  
  87  7:13  Hellion x2  
  87  7:15  Hellion, Siege Tank  
  96  7:17  SCV x2, Factory  
  96  7:18  Refinery  
  96  7:19  Factory  
  96  7:20  Factory  
  98  7:23  Refinery  
  98  7:29  SCV x2  
  100  7:31  SCV  
  100  7:34  Hellion  
  100  7:35  Supply Depot  
  100  7:36  Supply Depot  
  103  7:37  Terran Vehicle Weapons Level 2  
  103  7:38  Terran Vehicle And Ship Armor Level 1, Missile Turret  
  103  7:41  SCV x2  
  103  7:42  Missile Turret x2  
  105  7:45  Missile Turret  
  105  7:48  SCV  
  105  7:49  Missile Turret  
  106  7:53  SCV x2  
  108  8:00  Supply Depot  
  108  8:02  Supply Depot  
  108  8:03  Thor  
  108  8:04  Hellion  
  108  8:05  Liberator x2, Factory Reactor  
  116  8:16  Supply Depot  
  116  8:17  Supply Depot  
  116  8:23  Supply Depot  
  116  8:25  Thor  
  128  8:27  Thor  
  128  8:30  SCV  
  128  8:31  SCV  
  136  8:41  Siege Tank  
  136  8:46  Siege Tank  
  129  8:54  Hellion x4  
  101  9:08  Siege Tank  
  101  9:14  Hellion  
  101  9:15  Hellion  
  91  9:18  Siege Tank  
  82  9:32  Orbital Command  
  82  9:34  Hellion  
  82  9:35  Siege Tank  
  82  9:37  Hellion  
Tags
 
Add a new tag
Caveats
  • Supply blocks, unpowered buildings, or Contaminate may cause inaccurate times.
  • Supply counts are checked every 10 seconds.